 Dungeon Crawl Stone Soup version 0.28-a0-305-g9e858e973b (webtiles) character file.

Game seed: 11641453187522628373

810091 timneilson the Hoplite (level 27, -3/188 HPs)
             Began as a Gargoyle Fighter on Aug 22, 2021.
             Was a High Priest of Okawaru.
             Killed by divine providence
             ... invoked by a balrug
             ... summoned by Asmodeus
              (15 damage)
             ... in the Arena on Aug 29, 2021.
             The game lasted 04:49:34 (76789 turns).

timneilson the Hoplite (Gargoyle Fighter)          Turns: 76789, Time: 04:49:35

Health: -3/188     AC: 66    Str: 42    XL:     27
Magic:  26/37      EV: 23    Int: 17    God:    Okawaru [*****.]
Gold:   10312      SH: 33    Dex: 19    Spells: 26/26 levels left

rFire   + + +      SeeInvis .   W - +12 double sword of Fragile Peace {vorpal, Int+4}
rCold   + + .      Faith    .   r - +2 tower shield {AC+3}
rNeg    + + +      Spirit   .   M - +7 plate armour of the Farmer {rN+ Will+ Regen+}
rPois   ∞          Reflect  +   p - +0 helmet of the World {rF+ rC+ Str+4 Int+4}
rElec   +          Harm     .   E - +2 cloak "Efabini" {-Cast rF+ Will+ rCorr Str+3}
rCorr   +          Rampage  .   T - +1 pair of gloves of Untold Secrets {-Cast Fly Dex+7}
Will    +++++      NoCast   +   Q - +2 pair of boots {Fly}
Stlth   ..........              f - amulet of reflection
HPRegen 1.41/turn               G - ring of Departure {rPois Will+ EV+4 Stlth+}
MPRegen 0.25/turn               t - ring of the Barnacle {rF+ rC+ rN+ Str+4 Dex+3}

@: heroic, finesse-ful, flying, hasted, studying 3 skills, duelling, very quick
A: sickness immunity, AC +20, big wings, negative energy resistance 1,
electricity resistance, torment resistance 1, petrification resistance, weak 1
}: 4/15 runes: decaying, silver, iron, gossamer
a: Renounce Religion, Heroism, Finesse, Duel


You were in the Arena.
You worshipped Okawaru.
Okawaru was extremely pleased with you.
You visited 15 branches of the dungeon, and saw 67 of its levels.
You visited 1 bazaar.
You also visited: Sewer, Bailey and Gauntlet.

You collected 12992 gold pieces.
You spent 2680 gold pieces at shops.

Inventory:

Hand Weapons
 a - a +5 demon blade of flaming
 W - the +12 double sword of Fragile Peace (weapon) {vorpal, Int+4}
   (Okawaru gifted it to you on level 1 of the Vaults)

   It inflicts extra damage upon your enemies.
   Int:       It affects your intelligence (+4).
Armour
 p - the +0 helmet of the World (worn) {rF+ rC+ Str+4 Int+4}
   (You found it on level 3 of the Vaults)

   Str:       It affects your strength (+4).
   Int:       It affects your intelligence (+4).
   rF:        It protects you from fire.
   rC:        It protects you from cold.
 r - a +2 tower shield of protection (worn)
 E - the +2 cloak "Efabini" (worn) {-Cast rF+ Will+ rCorr Str+3}
   (You found it in a Gauntlet)

   Str:       It affects your strength (+3).
   rF:        It protects you from fire.
   -Cast:     It prevents spellcasting.
   rCorr:     It protects you from acid and corrosion.
   Will:      It increases your willpower.
 M - the +7 plate armour of the Farmer (worn) {rN+ Will+ Regen+}
   (You took it off a minotaur in a Gauntlet)

   rN:        It protects you from negative energy.
   Regen:     It increases your rate of health regeneration.
   Will:      It increases your willpower.
 Q - a +2 pair of boots of flying (worn)
 R - a +5 crystal plate armour
 T - the +1 pair of gloves of Untold Secrets (worn) {-Cast Fly Dex+7}
   (You found it in a bailey)

   Dex:       It affects your dexterity (+7).
   Fly:       It grants you flight.
   -Cast:     It prevents spellcasting.
Jewellery
 f - an amulet of reflection (around neck)
 t - the ring of the Barnacle (right hand) {rF+ rC+ rN+ Str+4 Dex+3}
   (You took it off a death knight on level 3 of the Crypt)

   [ring of positive energy]

   Str:       It affects your strength (+4).
   Dex:       It affects your dexterity (+3).
   rF:        It protects you from fire.
   rC:        It protects you from cold.
   rN:        It protects you from negative energy.
 G - the ring of Departure (left hand) {rPois Will+ EV+4 Stlth+}
   (You took it off a wizard on level 3 of the Depths)

   [ring of evasion]

   EV:        It affects your evasion (+4).
   rPois:     It protects you from poison.
   Will:      It increases your willpower.
   Stlth:     It makes you more stealthy.
Wands
 b - a wand of mindburst (16)
 c - a wand of acid (44)
 d - a wand of flame (215)
 k - a wand of iceblast (149)
 F - a wand of digging (5)
Scrolls
 g - 10 scrolls of fog
 h - 25 scrolls of teleportation
 u - 12 scrolls of fear
 z - 16 scrolls of enchant weapon
 B - 3 scrolls of holy word
 K - a scroll of blinking
 O - 4 scrolls of magic mapping
 P - 47 scrolls of identify
 S - 4 scrolls of enchant armour
Potions
 e - 4 potions of berserk rage
 j - 13 potions of curing
 m - 8 potions of invisibility
 n - 7 potions of cancellation
 o - 9 potions of mutation
 q - 15 potions of haste
 s - 12 potions of ambrosia
 x - 4 potions of might
 A - 9 potions of attraction
 H - 3 potions of resistance
Miscellaneous
 y - a tin of tremorstones (2/2)
 I - a condenser vane (inert)
 J - a lightning rod (4/4)


   Skills:
 + Level 23.3(27) Fighting
 * Level 24.5(27) Long Blades
 * Level 26.9(27) Armour
 * Level 10.1(15.1) Dodging
 * Level 26.9(27) Shields
 + Level 20.2 Invocations
 + Level 17.5 Evocations


You had 26 spell levels left.
You didn't know any spells.
Your spell library contained the following spells:

 Spells                   Type           Power      Damage    Failure   Level
 Apportation              Tloc           0%         N/A       43%         1
 Beastly Appendage        Tmut           0%         N/A       43%         1
 Corona                   Hex            0%         N/A       43%         1
 Foxfire                  Conj/Fire      0%         2x1d4     43%         1
 Freeze                   Ice            0%         1d3       43%         1
 Magic Dart               Conj           0%         1d3       43%         1
 Pain                     Necr           0%         1d4       43%         1
 Sandblast                Erth           0%         2d4       43%         1
 Shock                    Conj/Air       0%         1d3       43%         1
 Sting                    Tmut/Pois      0%         1d3       43%         1
 Blink                    Tloc           N/A        N/A       58%         2
 Corpse Rot               Necr/Air       N/A        N/A       58%         2
 Ensorcelled Hibernation  Hex/Ice        0%         N/A       58%         2
 Passwall                 Tmut/Erth      0%         N/A       58%         2
 Poisonous Vapours        Pois/Air       0%         N/A       58%         2
 Searing Ray              Conj           0%         3d3       58%         2
 Slow                     Hex            0%         N/A       58%         2
 Static Discharge         Conj/Air       0%         N/A       58%         2
 Wereblood                Tmut           0%         N/A       58%         2
 Confusing Touch          Hex            0%         N/A       82%         3
 Conjure Flame            Conj/Fire      0%         6-21      82%         3
 Dazzling Flash           Conj/Hex       0%         N/A       82%         3
 Frozen Ramparts          Ice            0%         1d2       82%         3
 Ignite Poison            Fire/Tmut/Pois 0%         N/A       82%         3
 Inner Flame              Hex/Fire       0%         N/A       82%         3
 Lesser Beckoning         Tloc           0%         N/A       82%         3
 Mephitic Cloud           Conj/Pois/Air  0%         N/A       82%         3
 Ozocubu's Armour         Ice            0%         N/A       82%         3
 Portal Projectile        Hex/Tloc       0%         N/A       82%         3
 Spider Form              Tmut/Pois      0%         N/A       82%         3
 Swiftness                Air            0%         N/A       82%         3
 Teleport Other           Tloc           0%         N/A       82%         3
 Vampiric Draining        Necr           0%         2d6       82%         3
 Airstrike                Air            0%         N/A       99%         4
 Cause Fear               Hex            0%         N/A       99%         4
 Fulminant Prism          Conj/Hex       0%         3d6       99%         4
 Hailstorm                Conj/Ice       0%         3d3       99%         4
 Ice Form                 Ice/Tmut       0%         N/A       99%         4
 Iskenderun's Mystic Bla  Conj/Tloc      0%         2d3       99%         4
 Leda's Liquefaction      Hex/Erth       0%         N/A       99%         4
 Olgreb's Toxic Radiance  Pois           0%         N/A       99%         4
 Passage of Golubria      Tloc           N/A        N/A       99%         4
 Petrify                  Tmut/Erth      0%         N/A       99%         4
 Agony                    Necr           0%         N/A       100%        5
 Alistair's Intoxication  Tmut/Pois      0%         N/A       100%        5
 Blade Hands              Tmut           0%         N/A       100%        5
 Bolt of Magma            Conj/Fire/Erth 0%         4d4       100%        5
 Borgnjor's Vile Clutch   Necr/Erth      0%         N/A       100%        5
 Excruciating Wounds      Necr           0%         N/A       100%        5
 Fireball                 Conj/Fire      0%         3d3       100%        5
 Freezing Cloud           Conj/Ice/Air   0%         6-21      100%        5
 Irradiate                Conj/Tmut      0%         3d14      100%        5
 Lee's Rapid Deconstruct  Erth           0%         3d5*      100%        5
 Manifold Assault         Tloc           0%         N/A       100%        5
 Metabolic Englaciation   Hex/Ice        0%         N/A       100%        5
 Yara's Violent Unravell  Hex/Tmut       0%         3d3       100%        5
 Conjure Ball Lightning   Conj/Air       0%         3x3d6     100%        6
 Invisibility             Hex            0%         N/A       100%        6
 Iron Shot                Conj/Erth      0%         9d1       100%        6
 Starburst                Conj/Fire      0%         6d3       100%        6
 Dragon Form              Tmut           0%         N/A       100%        7
 Orb of Destruction       Conj           0%         N/A       100%        7
 Storm Form               Tmut/Air       0%         N/A       100%        7
 Borgnjor's Revivificati  Necr           0%         N/A       100%        8
 Discord                  Hex            0%         N/A       100%        8
 Disjunction              Tloc           0%         N/A       100%        8
 Ignition                 Fire           0%         3d3       100%        8
 Maxwell's Capacitive Co  Air            0%         ∞         100%        8
 Chain Lightning          Conj/Air       0%         N/A       100%        9
 Fire Storm               Conj/Fire      0%         5d1       100%        9
 Shatter                  Erth           0%         3d5*      100%        9
 Animate Skeleton         Necr           Unusable   N/A       N/A         1
 Summon Small Mammal      Summ           Unusable   N/A       N/A         1
 Call Imp                 Summ           Unusable   N/A       N/A         2
 Sublimation of Blood     Necr           Unusable   N/A       N/A         2
 Summon Guardian Golem    Hex/Summ       Unusable   N/A       N/A         3
 Tukima's Dance           Hex            Unusable   N/A       N/A         3
 Animate Dead             Necr           Unusable   N/A       N/A         4
 Summon Ice Beast         Ice/Summ       Unusable   N/A       N/A         4
 Summon Lightning Spire   Summ/Air       Unusable   N/A       N/A         4
 Shadow Creatures         Summ           Unusable   N/A       N/A         6
 Simulacrum               Ice/Necr       Unusable   N/A       N/A         6
 Statue Form              Tmut/Erth      Unusable   N/A       N/A         6
 Haunt                    Necr/Summ      Unusable   N/A       N/A         7
 Malign Gateway           Summ/Tloc      Unusable   N/A       N/A         7
 Spellforged Servitor     Conj/Summ      Unusable   N/A       N/A         7
 Dragon's Call            Summ           Unusable   N/A       N/A         9

Dungeon Overview and Level Annotations

Branches:
Dungeon (15/15)            Temple (1/1) D:4            Lair (6/6) D:11
  Swamp (4/4) Lair:4       Spider (4/4) Lair:3        Slime (0/5) Lair:6
    Orc (2/2) D:11            Elf (3/3) Orc:2        Vaults (5/5) D:14
  Crypt (3/3) Vaults:3       Tomb (1/3) Crypt:3      Depths (5/5) D:15
   Hell (visited)             Dis (7/7) Hell            Geh (7/7) Hell
    Coc (0/7) Hell            Tar (0/7) Hell            Zot (3/5) Depths:5
  Sewer (visited)          Bailey (visited)         Gauntlet (visited)

Altars:
Ashenzari
Cheibriados
Dithmenos
Elyvilon
Fedhas
Gozag
Kikubaaqudgha
Nemelex Xobeh
Okawaru
Sif Muna
Trog
Vehumet
Xom
Yredelemnul
Zin
Beogh
Jiyva

Shops:
D:1 ?   D:12 :   Orc:2 *?*=(   Elf:2 ?   Vaults:5 (   Depths:3 (

Portals:
Hell: Depths:1 Depths:2 Depths:3 Depths:4 Depths:5
Abyss: Depths:1 Depths:2 Depths:4 Depths:5
Pandemonium: Depths:3 Depths:5
Ziggurat: Depths:4

Annotations:
Arena Asmodeus


Innate Abilities, Weirdness & Mutations

You are immune to sickness and miasma.
Your stone body is resilient. (AC +20)
You are immune to poison.
Your large and strong wings let you fly.
You resist negative energy. (rN+)
You are resistant to electric shocks. (rElec)
You are resistant to unholy torment.
You are immune to petrification.
You are weak. (Str -2)


Message History

Something smites you!
* * * LOW HITPOINT WARNING * * *
You block the Brimstone Fiend's attack. x3
The balrug gestures at you. Something smites you!
* * * LOW HITPOINT WARNING * * *
Asmodeus closely misses you. The balrug hits you but does no damage.
You slice Asmodeus!!
Asmodeus is heavily wounded.
You are engulfed in blazing flames.
You resist. You block the balrug's attack.
You block the Brimstone Fiend's attack. x2
The Brimstone Fiend hits you but does no damage.
Unknown command.
You slice Asmodeus like a ripe choko!!!
Asmodeus is heavily wounded.
The balrug hits you but does no damage.
Unknown command.
You hit Asmodeus but do no damage.
Asmodeus is heavily wounded.
You block Asmodeus's attack. The balrug hits you but does no damage.
Unknown command.
You feel yourself speed up.
You are engulfed in blazing flames.
You resist.
* * * LOW HITPOINT WARNING * * *
The Brimstone Fiend misses you.
You block the Brimstone Fiend's attack. x2
You block the balrug's attack. You block Asmodeus's attack.
The balrug gestures at you.
The fireball explodes!
The fireball engulfs you but does no damage.
The fireball engulfs the balrug.
The balrug completely resists.
The fireball engulfs the Brimstone Fiend.
The Brimstone Fiend completely resists.
The fireball engulfs Asmodeus.
Asmodeus completely resists.
The fireball engulfs the balrug.
The balrug completely resists.
Asmodeus shouts, "Capitulate, thou mangled flat-headed simpleton!"
You hit Asmodeus but do no damage.
Asmodeus is heavily wounded.
You are engulfed in blazing flames.
You resist. The balrug gestures at you. Something smites you!
You die...

##..p▓p▓p..#
##▓▓▓▓▓▓▓▓▓▓▓##
#.▓.........▓.#
#.▓.#§§§§§#.▓.#
#p▓..§§...§§▓p#
#▓▓..§§.§.§§▓▓#
#p▓...°2°.§§▓∩#
#▓▓...2&2§§§▓▓#
#p▓...☼@1§§§▓p#
#.▓.#.....#.▓.#
#.▓.........▓.#
##▓▓▓▓▓▓▓▓▓▓▓##
##..p▓p▓p..##
###########


You could see Asmodeus (clouds), a Brimstone Fiend (summoned), 2 balrugs, a
hellion (summoned) and 8 spectators.

Vanquished Creatures
  2 dread liches (Vaults:5)
  3 ancient liches
  Dispater (Arena)
  Mennas (Vaults:5)
  Mara (Depths:1)
  An orb of fire (Zot:1)
  Sojobo (Depths:1)
  3 royal mummies (Tomb:1)
  A Killer Klown (Zot:2)
  Bai Suzhen (Vaults:4)
  2 shard shrikes (Depths:3)
  Frederick (Crypt:3)
  Geryon (Hell)
  Saint Roka (Depths:2)
  A profane servitor (Crypt:3)
  6 golden dragons
  The ghost of Usuebad the Warrior, an adept DgCj (Depths:1)
  The ghost of Caupobu the Tortoise, an adept DDFi of Makhleb (Depths:1)
  The ghost of Qetehoah the Tortoise, an adept DDFi of Makhleb (Depths:1)
  17 Brimstone Fiends
  3 bone dragons
  The ghost of Nekhlo the Severer, an adept PaWr of Cheibriados (Vaults:3)
  2 hellephants (Depths:3)
  15 tentacled monstrosities
  3 electric golems (Zot:2)
  7 iron giants
  4 Ice Fiends (Dis:7)
  Rupert (D:14)
  5 Hell Sentinels (Dis:7)
  2 deep elf blademasters (Elf:3)
  11 liches
  2 deep elf master archers (Elf:3)
  9 quicksilver dragons
  8 titans
  8 sphinxes
  Gastronok (Lair:3)
  12 ancient champions
  2 Executioners
  6 tengu reavers
  6 shadow dragons
  Agnes (Elf:1)
  4 death cobs
  5 thorn hunters
  Kirke (Swamp:1)
  20 storm dragons
  6 draconian monks
  Roxanne (D:14)
  4 revenants
  The ghost of jimbles the Eclecticist, an adept SpEE of Vehumet (Lair:3)
  A fenstrider witch (Swamp:3)
  16 fire giants
  14 frost giants
  10 iron dragons
  7 ghost moths
  6 draconian knights
  Aizul (Swamp:1)
  8 deep elf sorcerers
  17 vault wardens
  2 draconian scorchers
  8 orc warlords
  22 ghouls
  The ghost of Wikhliuq the Severer, a journeyman DDMo of Makhleb (D:14)
  16 ironbound preservers
  3 emperor scorpions
  29 very ugly things
  16 balrugs
  10 draconian stormcallers
  3 draconian shifters (Zot:2)
  12 draconian annihilators
  4 curse skulls
  A spriggan defender (Depths:3)
  17 stone giants
  33 reapers
  37 war gargoyles
  9 deep elf elementalists (Elf:3)
  5 vampire knights
  The ghost of Cehut the Warrior, a journeyman VSFi of Wu Jian (Orc:1)
  6 hydra skeletons
  A juggernaut skeleton (Crypt:1)
  8 deep elf annihilators
  The ghost of Totworgh the Thaumaturge, a journeyman DjFE of Gozag (D:14)
  5 deep elf demonologists
  2 bunyips (Swamp:1)
  A dire elephant (Vaults:3)
  11 green draconians
  4 black draconians
  6 white draconians
  A lorocyproca (Dis:4)
  6 yellow draconians
  4 entropy weavers
  8 red draconians
  A minotaur (Gauntlet)
  10 eidola
  7 purple draconians
  11 spark wasps
  An eleionoma (Swamp:1)
  15 jiangshi
  6 fire dragons
  15 deep elf death magi
  5 quicksilver dragon zombies
  7 blizzard demons
  2 green deaths
  8 mummy priests
  11 deep elf high priests
  3 shambling mangroves
  15 yaktaur captains
  11 ice dragons
  12 ettins
  3 great orbs of eyes
  3 quicksilver dragon skeletons
  37 vault guards
  4 ironbound thunderhulks
  3 peacekeepers
  5 death knights
  4 rakshasas
  A boulder beetle (Lair:2)
  18 hydras
  8 two-headed ogres
  An ogre mage (Vaults:5)
  7 ironbound frosthearts
  5 spriggan air magi
  2 hell beasts
  12 alligators
  3 catoblepae
  20 centaur warriors
  31 dancing weapons
  3 ghost crabs
  Erica (Lair:1)
  27 hell hogs
  6 death scarabs (Tomb:1)
  9 deep troll shamans
  8 orc high priests
  5 titan zombies
  3 tengu warriors
  5 deep troll earth magi
  4 spriggan berserkers
  77 hell knights
  3 ironbound beastmasters (Vaults:3)
  5 vampire magi
  A shock serpent (shapeshifter) (D:15)
  A thrashing horror (Gauntlet)
  6 storm dragon zombies
  A titan skeleton (Geh:4)
  3 soul eaters
  16 spriggans
  19 deep elf knights
  Nergalle (Lair:2)
  4 iron golems
  19 sun demons
  2 fire crabs (shapeshifter)
  19 iron trolls
  2 spark wasp zombies (Crypt:1)
  3 ghost moth zombies
  6 storm dragon skeletons
  6 goliath frogs
  A sixfirhy (Depths:3)
  A shadow wraith (Crypt:2)
  7 anaconda zombies
  A bunyip zombie (Swamp:2)
  56 skeletal warriors
  10 swamp dragons
  21 deep elf archers
  45 deep trolls
  4 golden dragon skeletons
  19 ironbound convokers
  16 flayed ghosts
  3 spriggan druids (Swamp:4)
  16 bog bodies
  3 glowing orange brains
  A shadow demon (Dis:1)
  7 golden dragon zombies
  21 orc knights
  A torturous demonspawn (Depths:3)
  17 wizards
  4 wolf spider zombies
  33 phantasmal warriors
  A harpy (shapeshifter) (D:15)
  An obsidian statue (Vaults:4)
  5 lindwurms
  16 orb spiders
  6 anaconda skeletons
  3 bunyip skeletons (Swamp:2)
  33 deep elf zephyrmancers
  8 iron dragon zombies
  7 fire giant zombies
  3 shadow dragon zombies
  A sphinx zombie (Depths:4)
  28 deep elf pyromancers
  A tengu skeleton (Depths:4)
  19 necromancers
  2 shadow dragon skeletons
  9 orc sorcerers
  6 frost giant zombies
  22 wolf spiders
  3 oklob plants (Swamp:4)
  5 manticores
  5 stone giant zombies
  7 cyclopes
  10 will-o-the-wisps
  17 elephants
  65 ugly things
  A salamander (Depths:1)
  A salamander (shapeshifter) (Depths:4)
  A wolf spider (shapeshifter) (Vaults:5)
  Maurice (Orc:1)
  5 dire elephant zombies
  3 iron dragon skeletons
  48 rust devils
  20 moths of wrath
  7 black mambas
  A shock serpent zombie (Geh:4)
  6 frost giant skeletons
  19 vault sentinels
  2 ice statues (Depths:4)
  6 fire giant skeletons
  6 spectral spriggans (Swamp:2)
  A water nymph (shapeshifter) (Vaults:4)
  8 stone giant skeletons
  11 molten gargoyles
  11 cane toads
  12 smoke demons
  A gargoyle (D:13)
  A torpor snail (Lair:5)
  A catoblepas zombie (Crypt:3)
  Maggie (D:7)
  An emperor scorpion zombie (Geh:4)
  A green draconian zombie (Crypt:3)
  A kobold demonologist (D:14)
  2 shock serpent skeletons
  2 rime drakes
  19 freezing wraiths
  4 guardian mummies (Tomb:1)
  24 hellions
  12 komodo dragons
  17 yaktaurs
  A dire elephant skeleton (Geh:3)
  32 tormentors
  6 hydra zombies
  2 tengu conjurers (D:14)
  10 demonic crawlers
  28 red devils
  3 hellwings (Dis:6)
  9 efreet
  17 ice devils
  A purple draconian skeleton (Crypt:2)
  7 trolls
  4 sea snake zombies (Hell)
  6 meliai
  5 polar bears
  A queen bee (D:14)
  9 tyrant leeches
  35 jumping spiders
  26 hornets
  Grinder (D:6)
  2 death drake zombies (Swamp:4)
  A wolf spider simulacrum (D:15)
  7 dream sheep (Lair:6)
  A slime creature (shapeshifter) (Vaults:2)
  23 slime creatures
  A death drake skeleton (Swamp:4)
  3 harpy skeletons
  An alligator zombie (Crypt:3)
  6 ice dragon zombies
  A moth of wrath zombie (Crypt:2)
  16 blink frogs
  2 ice dragon skeletons
  7 ettin zombies
  58 redbacks
  59 flying skulls
  4 ettin skeletons
  A vampire (D:12)
  An alligator skeleton (Crypt:1)
  2 fire dragon zombies
  13 shadows
  23 tarantellas
  7 water elementals
  23 wraiths
  12 wyverns
  A ynoxinul (Gauntlet)
  2 fire dragon skeletons
  3 ushabtiu
  The ghost of Spaninq the Shooter, an amateur DrAM (D:3)
  A black mamba skeleton (Geh:4)
  29 fire elementals
  7 humans (Swamp:1)
  3 steam dragons
  61 yaks
  The ghost of gregwegmann the Chopper, an amateur HOWn (D:3)
  5 basilisks
  A chaos spawn (Depths:3)
  35 vampire mosquitoes
  A yaktaur simulacrum (Vaults:3)
  2 sea snake simulacra (Hell)
  A monstrous demonspawn zombie (Crypt:1)
  An infernal demonspawn zombie (Crypt:2)
  16 swamp worms
  An acid dragon (D:11)
  A merfolk zombie (Dis:7)
  6 wargs
  2 cane toad zombies
  6 hydra simulacra (Swamp:4)
  15 water moccasins
  A floating eye (shapeshifter) (Elf:2)
  A merfolk skeleton (Crypt:1)
  Duvessa (D:7)
  64 hell hounds
  A hornet zombie (Swamp:2)
  37 orc warriors
  An alligator simulacrum (Hell)
  6 black bears
  A cane toad skeleton (Geh:4)
  10 swamp drakes
  3 snapping turtle zombies
  A spriggan simulacrum (Swamp:2)
  An ice beast (shapeshifter) (Vaults:5)
  3 swamp dragon zombies
  29 necrophages
  A manticore zombie (Crypt:3)
  3 boggarts (Vaults:1)
  A manticore skeleton (Geh:5)
  28 wolves
  10 ogres
  15 centaurs
  4 small abominations (Gauntlet)
  3 swamp dragon skeletons
  The ghost of timneilson the Shield-Bearer, an amateur GrFi (D:3)
  A centaur (shapeshifter) (Vaults:5)
  2 phantoms
  4 kobold brigands
  A rime drake zombie (Crypt:1)
  2 elf zombies
  11 bullfrogs
  3 scorpions
  8 gnoll sergeants (Bailey)
  3 earth elementals (Elf:1)
  Dowan (D:7)
  A wyvern zombie (Crypt:1)
  10 wyvern skeletons
  The ghost of porpoise the Skirmisher, a weakling PaFi (D:3)
  A spriggan zombie (Crypt:3)
  A troll zombie (Swamp:1)
  14 killer bees (D:14)
  A troll skeleton (Swamp:1)
  64 wights
  6 electric eels
  A howler monkey (D:10)
  5 lava snakes (Lair:6)
  2 centaur zombies (D:8)
  A bullfrog zombie (D:6)
  2 crimson imps (Geh:1)
  6 gnoll shamans (Bailey)
  4 hounds
  A human zombie (Crypt:3)
  21 orc priests
  2 jellies (D:6)
  A bullfrog skeleton (D:6)
  25 iron imps
  Terence (D:2)
  2 human skeletons
  Jessica (D:2)
  5 centaur skeletons
  39 orc wizards
  5 hell rats
  3 iguanas
  3 polar bear simulacra (D:12)
  5 wolf simulacra (D:12)
  A yak simulacrum (D:12)
  A killer bee zombie (D:9)
  An ogre zombie (Crypt:2)
  A naga zombie (Crypt:3)
  2 hound zombies
  A hound skeleton (Crypt:1)
  19 mummies
  A howler monkey skeleton (D:5)
  15 gnolls
  10 adders
  4 river rats (Sewer)
  A shadow imp (D:6)
  An adder skeleton (D:5)
  3 worms
  3 dart slugs
  103 orcs
  4 bats
  3 endoplasms
  7 giant cockroaches
  11 goblins
  5 hobgoblins
  22 kobolds
  6 quokkas
  8 ball pythons
  5 frilled lizards
  26 rats
  2 river rat simulacra (D:12)
  A withered plant (Crypt:3)
3412 creatures vanquished.

Vanquished Creatures (others)
  A fire giant (Depths:3)
  A red draconian (Zot:2)
  2 deep elf annihilators (Elf:3)
  3 hell hogs
  A hell knight (Depths:2)
  3 deep elf knights
  3 wizards
  2 deep elf pyromancers
  4 bloated husks
  A flying skull (Geh:2)
  A hell hound (Hell)
  An electric eel (Spider:1)
  3 wights (Geh:4)
  An orc wizard (D:7)
  A hell rat (Hell)
  2 briar patches
  47 foxfires
  14 fungi
  72 plants
  10 withered plants
173 creatures vanquished.

Grand Total: 3585 creatures vanquished

Notes
Turn   | Place    | Note
-------+----------+-------------------------------------------
     0 | D:1      | timneilson the Gargoyle Fighter began the quest for the
                  | Orb.
     0 | D:1      | Reached XP level 1. HP: 14/14 MP: 1/1
   129 | D:1      | Reached XP level 2. HP: 19/19 MP: 2/2
   537 | D:1      | Found a faded altar of an unknown god.
   584 | D:1      | Found Ufep's Magic Scroll Shoppe.
   867 | D:2      | Reached XP level 3. HP: 22/23 MP: 3/3
  1233 | D:2      | Noticed Jessica
  1241 | D:2      | Killed Jessica
  1242 | D:2      | Reached XP level 4. HP: 22/28 MP: 4/4
  1345 | D:2      | Noticed Terence
  1369 | D:2      | Killed Terence
  1631 | D:2      | Reached XP level 5. HP: 25/33 MP: 5/5
  2440 | D:3      | Found a runed translucent gate.
  2440 | D:3      | Found a runed translucent gate.
  2443 | D:3      | Found a runed translucent gate.
  2443 | D:3      | Noticed Spaninq's ghost (amateur DrAM)
  2443 | D:3      | Noticed timneilson's ghost (amateur GrFi)
  2444 | D:3      | Noticed porpoise's ghost (weakling PaFi)
  2444 | D:3      | Noticed gregwegmann's ghost (amateur HOWn)
  2544 | D:4      | Found a staircase to the Ecumenical Temple.
  2556 | Temple   | Entered the Ecumenical Temple
  2572 | Temple   | Became a worshipper of Warmaster Okawaru
  2587 | D:4      | Noticed a black bear
  2609 | D:4      | Killed a black bear
  2610 | D:4      | Reached skill level 5 in Armour
  2610 | D:4      | Reached XP level 6. HP: 33/38 MP: 6/6
  2694 | D:4      | Reached skill level 5 in Shields
  2757 | D:4      | Found a glowing drain.
  2774 | D:4      | Reached XP level 7. HP: 43/43 MP: 7/7
  2775 | Sewer    | Entered a sewer
  3046 | Sewer    | Reached skill level 1 in Invocations
  3278 | Sewer    | Reached * piety under Okawaru
  3837 | D:4      | Found a shadowy altar of Dithmenos.
  3992 | D:5      | Entered Level 5 of the Dungeon
  4250 | D:5      | Reached skill level 1 in Evocations
  4328 | D:5      | Reached XP level 8. HP: 48/48 MP: 9/9
  5169 | D:6      | Noticed Grinder
  5183 | D:6      | Killed Grinder
  5183 | D:6      | Reached ** piety under Okawaru
  5184 | D:6      | Reached skill level 5 in Fighting
  5184 | D:6      | Reached skill level 5 in Long Blades
  5905 | D:7      | Reached XP level 9. HP: 54/54 MP: 8/11
  5916 | D:7      | Noticed a troll
  5919 | D:7      | Killed a troll
  6009 | D:7      | Reached *** piety under Okawaru
  6014 | D:7      | Noticed Duvessa
  6015 | D:7      | Noticed Dowan
  6032 | D:7      | Killed Duvessa
  6046 | D:7      | Killed Dowan
  6061 | D:7      | Received a gift from Okawaru
  6326 | D:7      | Noticed Maggie
  6341 | D:7      | Killed Maggie
  6993 | D:7      | You fall into a shaft and drop 2 floors!
  7004 | D:9      | Noticed a two-headed ogre
  7028 | D:9      | Killed a two-headed ogre
  7029 | D:9      | Reached XP level 10. HP: 60/60 MP: 10/13
  7863 | D:8      | Reached **** piety under Okawaru
  8160 | D:8      | Noticed a two-headed ogre
  8171 | D:8      | Killed a two-headed ogre
  8496 | D:8      | Reached skill level 5 in Invocations
  8496 | D:8      | Reached ***** piety under Okawaru
  8811 | D:9      | Reached XP level 11. HP: 60/67 MP: 14/14
  9105 | D:9      | Identified the +0 ring mail of Divine Compulsion {-Cast
                  | Dex+7 Stlth+}
  9633 | D:1      | Bought a scroll of acquirement for 520 gold pieces
  9633 | D:1      | Acquired a manual of Fighting
  9741 | D:3      | Killed gregwegmann's ghost
  9757 | D:3      | Killed Spaninq's ghost
  9760 | D:3      | Killed timneilson's ghost
  9769 | D:3      | Killed porpoise's ghost
  9940 | D:10     | Entered Level 10 of the Dungeon
 10108 | D:10     | Noticed a two-headed ogre
 10146 | D:10     | Killed a two-headed ogre
 10146 | D:10     | Received a gift from Okawaru
 10315 | D:10     | Reached skill level 10 in Armour
 10500 | D:10     | Reached skill level 10 in Shields
 10996 | D:11     | Noticed a cyclops
 11003 | D:11     | Killed a cyclops
 11010 | D:11     | Noticed a white ugly thing
 11015 | D:11     | Killed a white ugly thing
 11015 | D:11     | Received a gift from Okawaru
 11026 | D:11     | Noticed a two-headed ogre
 11034 | D:11     | Killed a two-headed ogre
 11035 | D:11     | Reached skill level 5 in Evocations
 11241 | D:11     | Found a staircase to the Lair.
 11313 | D:11     | Reached XP level 12. HP: 67/75 MP: 14/16
 11318 | D:11     | Acquired a manual of Fighting
 11359 | D:11     | Noticed a two-headed ogre
 11371 | D:11     | Killed a two-headed ogre
 12001 | D:11     | Found an opulent altar of Gozag.
 12135 | D:11     | Found a staircase to the Orcish Mines.
 12260 | Lair:1   | Entered Level 1 of the Lair of Beasts
 12263 | Lair:1   | Noticed a seven-headed hydra
 12430 | D:11     | Killed a three-headed hydra
 12430 | D:11     | Identified the +4 long sword of the Pariah {venom, rElec}
                  | (Okawaru gifted it to you on level 11 of the Dungeon)
 12430 | D:11     | Received a gift from Okawaru
 12942 | Lair:1   | Noticed Erica
 12970 | Lair:1   | Killed Erica
 13534 | Lair:1   | Identified the +0 hat "Tinot" {rElec rN+ Int+3} (Okawaru
                  | gifted it to you on level 1 of the Lair of Beasts)
 13534 | Lair:1   | Received a gift from Okawaru
 13744 | Lair:2   | Reached skill level 10 in Fighting
 13744 | Lair:2   | Reached XP level 13. HP: 21/82 MP: 18/18
 14422 | Lair:2   | Noticed Nergalle
 14438 | Lair:2   | Killed Nergalle
 14565 | Lair:2   | Reached skill level 10 in Long Blades
 15068 | Lair:3   | Noticed Gastronok
 15089 | Lair:3   | Killed Gastronok
 15553 | Lair:3   | Found a hole to the Spider Nest.
 16093 | Lair:3   | Found a runed translucent gate.
 16093 | Lair:3   | Found a runed translucent gate.
 16093 | Lair:3   | Found a runed translucent gate.
 16093 | Lair:3   | Noticed jimbles's ghost (adept SpEE)
 16253 | Lair:3   | Received a gift from Okawaru
 16462 | Lair:3   | Killed jimbles's ghost
 16829 | Lair:4   | Found a staircase to the Swamp.
 17422 | Lair:5   | Gained mutation: Your large and strong wings let you fly.
                  | [Gargoyle growth]
 17422 | Lair:5   | Reached XP level 14. HP: 73/90 MP: 20/20
 17430 | Lair:5   | Found a gate leading to a gauntlet.
 17439 | Gauntlet | Entered a Gauntlet
 17439 | Gauntlet | Found a transporter.
 17439 | Gauntlet | Found a transporter.
 17439 | Gauntlet | Found a transporter.
 17513 | Gauntlet | Found a transporter.
 17523 | Gauntlet | Found a transporter.
 17525 | Gauntlet | Found a transporter.
 17535 | Gauntlet | Found a transporter.
 17555 | Gauntlet | Found a transporter.
 17570 | Gauntlet | Found a transporter.
 17573 | Gauntlet | Found a transporter.
 17581 | Gauntlet | Found a transporter.
 17584 | Gauntlet | Found a transporter.
 17753 | Gauntlet | Identified the +2 cloak "Efabini" {-Cast rF+ Will+ rCorr
                  | Str+3}
 17862 | Gauntlet | Identified the +7 plate armour of the Farmer {rN+ Will+
                  | Regen+}
 17912 | Gauntlet | Identified the +0 hat of Howling Wind {rF+ Will+ Int-2}
 19035 | Lair:5   | Received a gift from Okawaru
 19317 | Lair:6   | Entered Level 6 of the Lair of Beasts
 19529 | Lair:6   | Found a viscous altar of Jiyva.
 19529 | Lair:6   | Found a staircase to the Slime Pits.
 19803 | Lair:6   | Reached ****** piety under Okawaru
 19901 | Lair:6   | Reached XP level 15. HP: 97/97 MP: 21/21
 20161 | Lair:6   | Received a gift from Okawaru
 20166 | Lair:6   | Found a large runed translucent door.
 20166 | Lair:6   | Found a large runed translucent door.
 20899 | Orc:1    | Entered Level 1 of the Orcish Mines
 20959 | Orc:1    | Noticed Maurice
 20984 | Orc:1    | Killed Maurice
 21009 | Orc:1    | Found a bloodstained altar of Trog.
 21152 | Orc:1    | Found a runed translucent gate.
 21152 | Orc:1    | Found a runed translucent gate.
 21155 | Orc:1    | Found a runed translucent gate.
 21162 | Orc:1    | Noticed Cehut's ghost (journeyman VSFi)
 21162 | Orc:1    | Noticed an orc warlord
 21163 | Orc:1    | Identified the +4 scale mail of the Sailor {Rampage Str+3
                  | Int+3}
 21166 | Orc:1    | Identified the amulet "Bejuozxo" {Faith rF- Dex+5}
 21167 | Orc:1    | Identified the +10 morningstar "Heolob" {venom, rN+ rCorr
                  | MP-9 Int+4}
 21233 | Orc:1    | Found a shimmering blue altar of Sif Muna.
 21263 | Orc:1    | Got Sif Muna's Collected Works on Dislocation
 21428 | Orc:2    | Entered Level 2 of the Orcish Mines
 21501 | Orc:2    | Noticed an orc warlord
 21536 | Orc:2    | Killed an orc warlord
 21885 | Orc:2    | Found Itoudos's Antique Weapon Emporium.
 21885 | Orc:2    | Found Wolaev's Magic Scroll Boutique.
 21887 | Orc:2    | Found Ducu's Jewellery Emporium.
 21887 | Orc:2    | Found Duehek's Assorted Antiques.
 22055 | Orc:2    | Found a staircase to the Elven Halls.
 22181 | Orc:2    | Found Uxelut's Assorted Antiques.
 22423 | D:12     | Found Ejebeble's Book Emporium.
 22443 | D:12     | Found a flagged portal.
 22452 | Bailey   | Entered a bailey
 22657 | Bailey   | Got the Tome of Poisoning and Clay
 22659 | Bailey   | Identified the +1 pair of gloves of Untold Secrets {-Cast
                  | Fly Dex+7}
 22753 | Bailey   | Identified the +6 dagger "Ibouss" {speed, Drain +Rage Fly
                  | Int+4}
 22917 | D:12     | Reached skill level 10 in Invocations
 23334 | D:12     | Identified the +2 pair of gloves "Usail" {Harm *Corrode Fly
                  | Will+} (Okawaru gifted it to you on level 12 of the
                  | Dungeon)
 23334 | D:12     | Received a gift from Okawaru
 23802 | D:13     | Reached XP level 16. HP: 104/104 MP: 23/23
 24290 | D:14     | Noticed Rupert
 24315 | D:14     | Killed Rupert
 24427 | D:14     | Found a gate to the Vaults.
 24582 | D:14     | Noticed Roxanne
 24687 | D:14     | Reached skill level 15 in Armour
 24803 | D:14     | Found a runed translucent gate.
 24830 | D:14     | Found a runed translucent gate.
 24830 | D:14     | Found a runed translucent gate.
 24844 | D:14     | Noticed Totworgh's ghost (journeyman DjFE)
 24844 | D:14     | Noticed Wikhliuq's ghost (journeyman DDMo)
 25046 | D:14     | Reached skill level 15 in Shields
 25342 | D:14     | Killed Totworgh's ghost
 25342 | D:14     | Identified the +7 scimitar "Muchanoi" {holy, Contam rCorr
                  | Dex+8} (Okawaru gifted it to you on level 14 of the
                  | Dungeon)
 25342 | D:14     | Received a gift from Okawaru
 25357 | D:14     | Killed Wikhliuq's ghost
 25375 | D:14     | Acquired a +2 tower shield of protection
 25416 | D:15     | Entered Level 15 of the Dungeon
 25636 | D:15     | Found a basalt altar of Yredelemnul.
 25721 | D:15     | Received a gift from Okawaru
 25813 | D:15     | HP: 1/106 [white very ugly thing (34)]
 26048 | D:15     | Received a gift from Okawaru
 26092 | D:15     | Found a staircase to the Depths.
 26654 | Swamp:1  | Entered Level 1 of the Swamp
 26704 | Swamp:1  | Received a gift from Okawaru
 26704 | Swamp:1  | Noticed Kirke
 26716 | Swamp:1  | Killed Kirke
 26792 | Swamp:1  | Reached XP level 17. HP: 109/112 MP: 25/25
 26815 | Swamp:1  | Noticed Aizul
 26837 | Swamp:1  | Killed Aizul
 27169 | Swamp:1  | Noticed a tentacled monstrosity
 27182 | Swamp:1  | Killed a tentacled monstrosity
 27575 | Swamp:2  | Received a gift from Okawaru
 28068 | Swamp:2  | Reached skill level 15 in Fighting
 28338 | Swamp:2  | Found an ancient bone altar of Kikubaaqudgha.
 28376 | Swamp:2  | Got the Almanac of Stolen Souls
 28735 | Swamp:3  | Received a gift from Okawaru
 29822 | Swamp:4  | Entered Level 4 of the Swamp
 29829 | Swamp:4  | Reached XP level 18. HP: 117/119 MP: 24/26
 29973 | Swamp:4  | Noticed a tentacled monstrosity
 29985 | Swamp:4  | Killed a tentacled monstrosity
 30337 | Swamp:4  | Reached skill level 10 in Evocations
 30355 | Swamp:4  | Received a gift from Okawaru
 31169 | Swamp:4  | Found a basalt altar of Yredelemnul.
 31208 | Swamp:4  | Identified the +2 great sword of the Middle {vorpal, rPois
                  | Will- rCorr Str+5} (Okawaru gifted it to you on level 4 of
                  | the Swamp)
 31208 | Swamp:4  | Received a gift from Okawaru
 31245 | Swamp:4  | Identified the +7 long sword "Hiegguk" {speed, rElec rPois
                  | rF+}
 31247 | Swamp:4  | Got a decaying rune of Zot
 31305 | Swamp:4  | Found a blossoming altar of Fedhas.
 31624 | Swamp:4  | Identified the +1 scale mail of Articulation {Dex+4 Stlth+}
 31932 | Spider:1 | Entered Level 1 of the Spider Nest
 33278 | Spider:2 | Reached XP level 19. HP: 123/125 MP: 25/28
 33572 | Spider:2 | Identified the +2 cloak "Onibb" {Harm rElec Regen+ Int+3}
                  | (Okawaru gifted it to you on level 2 of the Spider Nest)
 33572 | Spider:2 | Received a gift from Okawaru
 34822 | Spider:3 | Acquired 1146 gold pieces
 35015 | Spider:4 | Entered Level 4 of the Spider Nest
 35381 | Spider:4 | Reached skill level 15 in Long Blades
 36210 | Spider:4 | Received a gift from Okawaru
 36252 | Spider:4 | Got a gossamer rune of Zot
 36674 | Vaults:1 | Entered Level 1 of the Vaults
 37723 | Vaults:1 | Reached XP level 20. HP: 36/134 MP: 23/29
 37727 | Vaults:1 | Identified the +12 double sword of Fragile Peace {vorpal,
                  | Int+4} (Okawaru gifted it to you on level 1 of the Vaults)
 37727 | Vaults:1 | Received a gift from Okawaru
 39429 | Vaults:2 | Received a gift from Okawaru
 41382 | Vaults:3 | Received a gift from Okawaru
 41390 | Vaults:3 | Reached XP level 21. HP: 134/140 MP: 31/31
 41477 | Vaults:3 | Got the Handbook of Displacement and Earth
 41679 | Vaults:3 | Identified the +1 plate armour of Hogann {rF+ Int+6}
 42233 | Vaults:3 | Noticed Nekhlo's ghost (adept PaWr)
 42234 | Vaults:3 | Found a runed translucent gate.
 42234 | Vaults:3 | Found a runed translucent gate.
 42234 | Vaults:3 | Found a runed translucent gate.
 42333 | Vaults:3 | Killed Nekhlo's ghost
 42344 | Vaults:3 | Identified the +0 helmet of the World {rF+ rC+ Str+4 Int+4}
 42768 | Vaults:3 | Noticed a bone dragon
 42788 | Vaults:3 | Killed a bone dragon
 42818 | Vaults:3 | Found a staircase to the Crypt.
 42959 | Vaults:4 | Acquired a manual of Long Blades
 43685 | Vaults:4 | Received a gift from Okawaru
 44538 | Depths:1 | Entered Level 1 of the Depths
 44714 | Depths:1 | Found a one-way gate to the infinite horrors of the Abyss.
 44822 | Depths:1 | Noticed Mara
 44855 | Depths:1 | Noticed timneilson's illusion
 44873 | Depths:1 | Noticed timneilson's illusion
 44873 | Depths:1 | Killed Mara
 44874 | Depths:1 | Reached XP level 22. HP: 87/148 MP: 32/32
 45379 | Depths:1 | Noticed Sojobo
 45388 | Depths:1 | Paralysed by an air elemental for 1 turns
 45394 | Depths:1 | Paralysed by an air elemental for 1 turns
 45410 | Depths:1 | Killed Sojobo
 45599 | Depths:1 | Found a runed translucent gate.
 45599 | Depths:1 | Found a runed translucent gate.
 45604 | Depths:1 | Found a runed translucent gate.
 45610 | Depths:1 | Found a gateway to Hell.
 45938 | Depths:1 | Noticed Caupobu's ghost (adept DDFi)
 45938 | Depths:1 | Noticed Usuebad's ghost (adept DgCj)
 45938 | Depths:1 | Noticed Qetehoah's ghost (adept DDFi)
 45955 | Depths:1 | Killed Qetehoah's ghost
 45964 | Depths:1 | Killed Caupobu's ghost
 45968 | Depths:1 | Killed Usuebad's ghost
 45968 | Depths:1 | Received a gift from Okawaru
 45981 | Depths:1 | Identified the +4 spear of the Warrior {freeze, rN++ rCorr}
 46400 | Depths:2 | Received a gift from Okawaru
 46814 | Depths:2 | Identified the ring "Nobleytukh" {Contam *Corrode Fly Dex+6
                  | SInv}
 47222 | Depths:2 | Found a blossoming altar of Fedhas.
 47247 | Depths:2 | Noticed Saint Roka
 47260 | Depths:2 | Killed Saint Roka
 47616 | Depths:2 | Found a sparkling altar of Nemelex Xobeh.
 47720 | Depths:2 | Found a runed translucent door.
 47720 | Depths:2 | Found a runed translucent door.
 47918 | Depths:2 | Reached XP level 23. HP: 142/155 MP: 33/33
 48372 | Depths:3 | Found an ancient bone altar of Kikubaaqudgha.
 48484 | Depths:3 | Found a one-way gate leading to the halls of Pandemonium.
 48817 | Depths:3 | Found Lavus's Weapon Emporium.
 48864 | Depths:3 | Found a white marble altar of Elyvilon.
 48900 | Depths:3 | Found a runed translucent door.
 49314 | Depths:3 | Identified the +0 pair of gloves of the Lizard {rCorr
                  | Int+2} (Okawaru gifted it to you on level 3 of the Depths)
 49314 | Depths:3 | Received a gift from Okawaru
 49389 | Depths:3 | Found a runed translucent door.
 49389 | Depths:3 | Noticed a shard shrike
 49389 | Depths:3 | Noticed a shard shrike
 49397 | Depths:3 | Killed a shard shrike
 49403 | Depths:3 | Killed a shard shrike
 49404 | Depths:3 | Reached skill level 15 in Invocations
 49837 | Depths:3 | Identified the ring of Departure {rPois Will+ EV+4 Stlth+}
 49862 | Depths:3 | Got Ritatiud's Incunabulum of Feathers
 49868 | Depths:3 | Got the Collected Works on the Arsonist
 50416 | Depths:4 | Upgraded the game from 0.28-a0-233-gb8ca4b6547 to
                  | 0.28-a0-239-g68911e0c57
 50498 | Depths:4 | Reached XP level 24. HP: 162/162 MP: 33/34
 50848 | Depths:4 | Found a gateway to a ziggurat.
 50861 | Depths:4 | Identified the ring of Hacsead {Fly rCorr MP+9}
 51145 | Depths:4 | Noticed an ancient lich
 51167 | Depths:4 | Identified the +6 rapier of Zooxa {venom, rC+}
 51354 | Depths:4 | Killed an ancient lich
 51494 | Depths:5 | Entered Level 5 of the Depths
 51948 | Depths:5 | Found a gate to the Realm of Zot.
 52579 | Depths:5 | Identified the +9 great sword "Pibef" {elec, rF+} (Okawaru
                  | gifted it to you on level 5 of the Depths)
 52579 | Depths:5 | Received a gift from Okawaru
 52912 | Depths:5 | Found a portal to a secret trove of treasure.
 53319 | Vaults:5 | Entered Level 5 of the Vaults
 53445 | Vaults:5 | Noticed Bai Suzhen
 53487 | Vaults:4 | Killed Bai Suzhen
 53488 | Vaults:4 | Reached XP level 25. HP: 165/168 MP: 30/34
 53511 | Vaults:5 | Noticed Mennas
 53646 | Vaults:5 | Noticed a dread lich
 53663 | Vaults:5 | Killed a dread lich
 53775 | Vaults:5 | Received a gift from Okawaru
 53793 | Vaults:5 | Noticed an ancient lich
 53815 | Vaults:5 | Killed an ancient lich
 53819 | Vaults:5 | Noticed a dread lich
 53841 | Vaults:5 | Killed a dread lich
 53841 | Vaults:5 | Received a gift from Okawaru
 53879 | Vaults:5 | Killed Mennas
 53992 | Vaults:5 | Noticed an ancient lich
 54000 | Vaults:5 | Killed an ancient lich
 54057 | Vaults:5 | Identified the +4 flail of Yfoavo {flame, *Corrode rF+++
                  | Str+2 Stlth+}
 54178 | Vaults:5 | Found the +8 whip "Snakebite" {venom, curare, rPois}
 54180 | Vaults:5 | Identified the amulet of Bodily Harmony {Faith rCorr Str+5}
 54280 | Vaults:5 | Identified the amulet "Ixiocaof" {Acrobat rC- Str+6 Dex+5}
 54290 | Vaults:5 | Reached XP level 26. HP: 148/175 MP: 35/35
 54301 | Vaults:5 | Got the Reference Book on Shifting Feathers
 54453 | Vaults:5 | Found Qufeih's Antique Weapon Shoppe.
 54461 | Vaults:5 | Identified the -4 pair of gloves of the Gloaming {Str+4}
 54532 | Vaults:5 | Got a silver rune of Zot
 54994 | Crypt:1  | Entered Level 1 of the Crypt
 55132 | Crypt:1  | Identified the +1 robe "Beseum" {rElec} (Okawaru gifted it
                  | to you on level 1 of the Crypt)
 55132 | Crypt:1  | Received a gift from Okawaru
 55991 | Crypt:2  | Found a basalt altar of Yredelemnul.
 56065 | Crypt:2  | Found an ancient bone altar of Kikubaaqudgha.
 56508 | Crypt:2  | Found a basalt altar of Yredelemnul.
 56588 | Crypt:3  | Entered Level 3 of the Crypt
 56933 | Crypt:3  | Identified the +2 kite shield "Iwoampim" {rN+ rCorr Str+4}
                  | (Okawaru gifted it to you on level 3 of the Crypt)
 56933 | Crypt:3  | Received a gift from Okawaru
 57032 | Crypt:3  | Identified the ring of the Barnacle {rF+ rC+ rN+ Str+4
                  | Dex+3}
 57046 | Crypt:3  | Identified the ring of Arafer {Fly rPois rN+ Dex-4}
 57057 | Crypt:3  | Got the Papyrus of Necromancy
 57222 | Crypt:3  | Reached XP level 27. HP: 164/181 MP: 35/35
 57241 | Crypt:3  | Found a basalt altar of Yredelemnul.
 57569 | Crypt:3  | Found a staircase to the Tomb.
 58253 | Elf:1    | Entered Level 1 of the Elven Halls
 58664 | Elf:1    | Received a gift from Okawaru
 58803 | Elf:1    | Noticed Agnes
 58812 | Elf:1    | Killed Agnes
 59070 | Elf:1    | Got the Guide on Battle Magic
 59268 | Elf:2    | Found Gogaeca's Magic Scroll Emporium.
 59272 | Elf:2    | Bought a scroll of teleportation for 36 gold pieces
 59272 | Elf:2    | Bought a scroll of teleportation for 36 gold pieces
 59332 | Elf:2    | Found a runed translucent gate.
 59332 | Elf:2    | Found a runed translucent gate.
 59333 | Elf:2    | Found a runed translucent gate.
 59844 | Elf:2    | Identified the +1 scale mail of Enormous Knowledge {Str+4}
 60427 | Elf:3    | Entered Level 3 of the Elven Halls
 60479 | Elf:3    | Found a gateway to a bazaar.
 60487 | Bazaar   | Entered a bazaar
 60491 | Bazaar   | Found Asywi's General Store.
 60499 | Bazaar   | Bought 2 potions of heal wounds for 90 gold pieces
 60499 | Bazaar   | Bought a potion of curing for 27 gold pieces
 60499 | Bazaar   | Bought a scroll of enchant weapon for 67 gold pieces
 60499 | Bazaar   | Found Zukkaco's Antique Weapon Boutique.
 60510 | Bazaar   | Found Haohoofa's Magic Scroll Emporium.
 60518 | Bazaar   | Bought a scroll of brand weapon for 260 gold pieces
 60518 | Bazaar   | Bought a scroll of holy word for 97 gold pieces
 60518 | Bazaar   | Bought a scroll of teleportation for 39 gold pieces
 60518 | Bazaar   | Bought a scroll of teleportation for 39 gold pieces
 60518 | Bazaar   | Bought a scroll of magic mapping for 45 gold pieces
 60518 | Bazaar   | Bought a scroll of identify for 26 gold pieces
 60518 | Bazaar   | Bought a scroll of magic mapping for 45 gold pieces
 60518 | Bazaar   | Bought a scroll of teleportation for 39 gold pieces
 60518 | Bazaar   | Bought a scroll of holy word for 97 gold pieces
 60521 | Bazaar   | Found Ecrow's Jewellery Shop.
 60529 | Bazaar   | Found Vutel's Antique Armour Shop.
 60537 | Bazaar   | Bought a pair of shimmering gloves for 256 gold pieces
 60537 | Bazaar   | Identified the +1 pair of gloves "Vuaf Cog" {Rampage Str-3
                  | Stlth+} (You bought it in a shop in a bazaar)
 60620 | Elf:3    | Reached skill level 15 in Evocations
 60722 | Elf:3    | Identified the ring of Compassion {Wiz +Blink SInv}
 60813 | Elf:3    | Identified the +0 robe of Yesterday {Contam Str+4 Dex+3}
 61061 | Elf:3    | Identified the +2 hand axe "Ikuirem" {freeze, *Noise Int+2
                  | Dex+9}
 61084 | Elf:3    | Found the +9 staff of Olgreb {rPois∞}
 61087 | Elf:3    | Received a gift from Okawaru
 61099 | Elf:3    | Identified the amulet "Uvigul" {Faith rElec Str+4 Int+3}
 61200 | Elf:3    | Identified the +7 mace "Likleis" {vorpal, rElec rN+ Str-4
                  | SInv}
 61207 | Elf:3    | Identified the +6 mace "Vilethrodgh" {venom, rCorr Dex+4}
 61276 | Elf:3    | Found an ancient bone altar of Kikubaaqudgha.
 61957 | Zot:1    | Entered Level 1 of the Realm of Zot
 61969 | Depths:5 | Upgraded the game from 0.28-a0-239-g68911e0c57 to
                  | 0.28-a0-305-g9e858e973b
 62341 | Zot:1    | Noticed an orb of fire
 62346 | Zot:1    | Gained mutation: You are weak. (Str -2) [an orb of fire]
 62355 | Zot:1    | Killed an orb of fire
 62467 | Zot:1    | Acquired 624 gold pieces
 63663 | Orc:1    | Killed Cehut's ghost
 63893 | D:14     | Killed Roxanne
 64094 | Crypt:3  | Noticed Frederick
 64106 | Crypt:3  | Killed Frederick
 64445 | Tomb:1   | Entered Level 1 of the Tomb of the Ancients
 64614 | Tomb:1   | Noticed a royal mummy
 64625 | Tomb:1   | Killed a royal mummy
 64884 | Tomb:1   | Received a gift from Okawaru
 64931 | Tomb:1   | Noticed a royal mummy
 64942 | Tomb:1   | Killed a royal mummy
 65162 | Tomb:1   | Noticed a royal mummy
 65173 | Tomb:1   | Killed a royal mummy
 65842 | Zot:2    | Identified the +7 great sword "Seydeago" {freeze, rElec
                  | rPois rC+ Str-2}
 66155 | Zot:2    | Identified the +9 plate armour of Love and Death {rPois}
                  | (Okawaru gifted it to you on level 2 of the Realm of Zot)
 66155 | Zot:2    | Received a gift from Okawaru
 66349 | Zot:2    | Acquired 737 gold pieces
 66661 | Hell     | Entered the Vestibule of Hell
 66661 | Hell     | Noticed Geryon
 66700 | Hell     | Killed Geryon
 66863 | Hell     | Found a gateway to the freezing wastes of Cocytus.
 67096 | Hell     | Found a gateway to the Iron City of Dis.
 67213 | Hell     | Found a gateway to the decaying netherworld of Tartarus.
 67337 | Hell     | Found a gateway to the ashen valley of Gehenna.
 67595 | Zot:3    | Acquired 773 gold pieces
 67637 | Zot:3    | Reached skill level 1 in Dodging
 67825 | Zot:3    | Received a gift from Okawaru
 67844 | Zot:3    | Got the Incunabulum of the Seventy-Seven Wonders
 68494 | Dis:1    | Entered Level 1 of the Iron City of Dis
 69806 | Dis:6    | Received a gift from Okawaru
 70253 | Dis:7    | Entered Level 7 of the Iron City of Dis
 70427 | Dis:7    | Reached skill level 5 in Dodging
 70940 | D:1      | Bought a scroll of enchant armour for 75 gold pieces
 70940 | D:1      | Bought a scroll of teleportation for 30 gold pieces
 70940 | D:1      | Bought a scroll of teleportation for 30 gold pieces
 70940 | D:1      | Bought a scroll of teleportation for 30 gold pieces
 70940 | D:1      | Bought a scroll of fog for 20 gold pieces
 70940 | D:1      | Bought a scroll of identify for 20 gold pieces
 70940 | D:1      | Bought a scroll of teleportation for 30 gold pieces
 71252 | Orc:2    | Bought a scroll of magic mapping for 38 gold pieces
 71252 | Orc:2    | Bought a scroll of enchant weapon for 82 gold pieces
 71252 | Orc:2    | Bought a scroll of fog for 22 gold pieces
 71252 | Orc:2    | Bought a scroll of identify for 22 gold pieces
 71252 | Orc:2    | Bought a scroll of magic mapping for 38 gold pieces
 71252 | Orc:2    | Bought a scroll of identify for 22 gold pieces
 71252 | Orc:2    | Bought a scroll of identify for 22 gold pieces
 71254 | Orc:2    | Bought a scroll of fear for 101 gold pieces
 71254 | Orc:2    | Bought a shimmering lapis lazuli ring for 145 gold pieces
 71254 | Orc:2    | Identified the ring of Bealan {Ice *Corrode Str+6} (You
                  | bought it in a shop on level 2 of the Orcish Mines)
 71357 | Elf:2    | Bought a scroll of identify for 24 gold pieces
 71357 | Elf:2    | Bought a scroll of fog for 24 gold pieces
 71357 | Elf:2    | Bought a scroll of identify for 24 gold pieces
 71357 | Elf:2    | Bought a scroll of fog for 24 gold pieces
 71357 | Elf:2    | Bought a scroll of fog for 24 gold pieces
 71357 | Elf:2    | Bought a scroll of holy word for 90 gold pieces
 71357 | Elf:2    | Bought a scroll of identify for 24 gold pieces
 71819 | Dis:3    | Received a gift from Okawaru
 72568 | Dis:7    | Received a gift from Okawaru
 73007 | Dis:7    | Identified the +10 arbalest of Outrage {venom, rCorr Str+2}
 73221 | Dis:7    | HP: 6/186 [Hell Sentinel/iron shot (40)]
 73370 | Dis:7    | Received a gift from Okawaru
 73425 | Dis:7    | Found the +4 staff of Dispater
 73425 | Dis:7    | Noticed Dispater
 73431 | Arena    | Entered the Arena
 73446 | Arena    | Killed Dispater
 73514 | Dis:7    | Identified the +4 scale mail of Calculation {Int+2}
 73518 | Dis:7    | Got an iron rune of Zot
 73652 | Geh:1    | Entered Level 1 of Gehenna
 75135 | Geh:4    | Identified the +4 hand axe of Beyond {spect, *Noise Dex+3}
                  | (Okawaru gifted it to you on level 4 of Gehenna)
 75135 | Geh:4    | Received a gift from Okawaru
 76030 | Geh:7    | Entered Level 7 of Gehenna
 76165 | Geh:7    | Identified the +1 double sword of the Salmon {elec, Str+3}
                  | (Okawaru gifted it to you on level 7 of Gehenna)
 76165 | Geh:7    | Received a gift from Okawaru
 76402 | Geh:7    | Reached skill level 10 in Dodging
 76453 | Geh:7    | Received a gift from Okawaru
 76468 | Geh:7    | Found the +18 shield of the Gong {rElec rN+ Will+ EV-5}
 76767 | Geh:7    | Found the +7 sceptre of Asmodeus
 76767 | Geh:7    | Noticed Asmodeus
 76772 | Arena    | Entered the Arena
 76789 | Arena    | Killed from afar by a balrug

Illustrated notes

Levels and vault maps discovered:
D:1:      minmay_arrival_shattered_statue, layout_basic,
          shapermc_ecumenical_altar_flowoftime, serial_shops,
          nicolae_shop_trees, chequers_serial_rivers_micro_e
D:2:      layout_loops_cross, minmay_hexomino_u4, uniq_terence, uniq_jessica
D:3:      layout_rooms, gammafunk_ghost_cemetery
D:4:      cheibrodos_helix_gallery, layout_loops_ring,
          mainiacjoe_overflow_cross_hatched, minmay_temple_entry_slanted,
          gup_sewer_entry_glass
D:5:      layout_gridville
D:6:      layout_basic, uniq_grinder
D:7:      layout_layer_cave, uniq_duvessa, uniq_maggie
D:8:      layout_loops_ring, serial_undead, serial_undead_f, serial_undead_c,
          serial_undead_e, serial_undead_b
D:9:      layout_loops_ring, serial_bayou_lagoon_b
D:10:     layout_irregular_city
D:11:     layout_loops_cross, lair_entry_dummy, david_orc_4, grunt_gozag_statues
D:12:     layout_basic, serial_shops, shop, enter_bailey_8, st_stairs_1,
          eino_house_with_fridge
D:13:     layout_irregular_city
D:14:     layout_rooms, hangedman_vaults_entry_quadrant_bands,
          gammafunk_ghost_cemetery, hangedman_decor_opposing, minivault_20,
          minivault_25, minivault_7, uniq_roxanne, uniq_rupert
D:15:     gammafunk_enter_depths_forms, layout_irregular_city,
          yredelemnul_altar_generic, minmay_increasing_density
Temple:   nicolae_temple_the_god_donut
Lair:1:   layout_hall_layers, grunt_megastairs_5, uniq_erica
Lair:2:   layout_misc_corridors, nzn_sisyphean_effort, uniq_nergalle
Lair:3:   layout_gridlike, nicolae_spider_entry_tight_spaces,
          ebering_ghost_rock_garden, uniq_gastronok
Lair:4:   layout_gridlike, minmay_swamp_entry_swarm
Lair:5:   nzn_winding_woodlands_stair_trap [nzn_winding_woodlands_5x15_sawtooth,
          nzn_winding_woodlands_5x15_pockets, nzn_winding_woodlands_5x15_cabin,
          nzn_winding_woodlands_15x15_boxy_spiral,
          nzn_winding_woodlands_5x15_jagged,
          nzn_winding_woodlands_5x15_pathside_ponds,
          nzn_winding_woodlands_5x15_zeroes], layout_misc_corridors,
          gauntlet_entry_generic, serial_bayou_shore_b
Lair:6:   cheibrodos_lair_end_hotspot, layout_regular_city, slime_altar_1
Swamp:1:  layout_basic_swamp, hangedman_swamp_pad, swamp_pool3,
          cheibrodos_swamp_minitomb, uniq_aizul, uniq_kirke
Swamp:2:  nicolae_swamp_flooded_prison, layout_basic_swamp,
          nicolae_swamp_trees_clearing, beargit_kiku_chapel
Swamp:3:  layout_basic_swamp, evilmike_swamp_ruin_house_2, swamp_pool5,
          ldierk_geyser, hangedman_swamp_lotus, infiniplex_staircase_pool
Swamp:4:  byrel_swamp_growth_death_and_undeath, layout_basic_swamp, swamp_pool1,
          nicolae_swamp_bloodsuckers_inc
Spider:1: layout_chambers, nicolae_spider_bzzzt
Spider:2: layout_spider_delve
Spider:3: layout_spider_delve
Spider:4: spider_rune_water
Orc:1:    layout_caves, biasface_ghost_orc_armoury, basic_altar, led_sif_book,
          uniq_maurice
Orc:2:    grunt_orc_tribal_feast, layout_caves, serial_shops,
          nicolae_shop_overgrown_old_shop
Elf:1:    layout_gridlike, minmay_elf_sorcery, wad_floor_pattern_untrapped,
          uniq_agnes
Elf:2:    elven_hall_of_blades_hangedman_original
          [nicolae_blade_entry_crossed_weapons], layout_loops_corners,
          serial_shops, shop_statue, small_statue_intersection
Elf:3:    grunt_elf_hall_branching, layout_geoelf_castle, basic_altar,
          serial_shops, bzr_entry_lakeside
Vaults:1: nicolae_vaults_alarming, serial_ice_b, v_misc_26, v_alt_pattern_1,
          hangedman_vaults_impose, hangedman_vaults_impose,
          vaults_standard_mumra_lines, layout_vaults_chaotic_city
Vaults:2: ontoclasm_vaults_bender, v_alt_pattern_3, nicolae_vaults_arrows,
          v_pattern_5, vaults_mumra_minichess, st_lattice, v_misc_13,
          vaults_dpeg_spiral, ontoclasm_vaults_hangar, vaults_dpeg_encased_lava,
          layout_vaults_omnigrid
Vaults:3: biasface_vaults_ghost_orc_armoury, hangedman_vaults_variations,
          nicolae_vaults_network_periphery, hangedman_vaults_nails,
          nicolae_vaults_little_squares_1, v_misc_26, vaults_room_pools,
          hangedman_vaults_nodes, minmay_crypt_entry_nasty_monster,
          dpeg_vaults_monster_box, nicolae_vaults_big_angled_halls,
          nicolae_vaults_fighting_squares, serial_ice_g, v_misc_25,
          vaults_mumra_lcd, layout_vaults_omnibox
Vaults:4: nicolae_vaults_network_barrier,
          vaults_standard_mumra_enter_the_diamond, dpeg_vaults_monster_row,
          ontoclasm_vaults_fault, vaults_room_door_hall, grunt_vaults_twisty,
          nicolae_vaults_three_branches, vaults_room_door_ring,
          nicolae_vaults_gold_heap, nicolae_vaults_diagonal_hallway_6,
          vaults_room_stairs_pillars, nicolae_vaults_statue_guard,
          ontoclasm_vaults_misaligned, layout_vaults_ring, serial_shops,
          uniq_margery
Vaults:5: serial_shops, uniq_bai_suzhen, uniq_mennas
Crypt:1:  layout_gridlike, grunt_crypt_arrival_webbed
Crypt:2:  layout_catacombs, basic_altar, st_stairs_14, minmay_misc_feat_five,
          hangedman_feature_mirror
Crypt:3:  evilmike_haunted_forest, uniq_frederick
Tomb:1
Depths:1: layout_gridlike, hell_entry, gammafunk_ghost_cemetery,
          abyss_entry_small_statue_room, kennysheep_generic_room_4,
          serial_bayou_shore_a, uniq_sojobo, uniq_mara
Depths:2: minmay_the_grid_four_pointed_star
          [minmay_the_grid_triangle_9x9_zippers_horizontal,
          minmay_the_grid_triangle_9x9_tough_junction,
          minmay_the_grid_triangle_9x9_corruption,
          minmay_the_grid_triangle_9x9_shrine,
          minmay_the_grid_prize_diamond_cup], layout_basic,
          grunt_hell_entry_dis_old, nemelex_diamond_rough_becter, abyss_entry,
          uniq_saint_roka
Depths:3: mu_elemental_laboratory, layout_cave_shapes, elyvilon_altar_5,
          rand_demon_pan_entry_9, serial_shops, nicolae_shop_crystal,
          hangedman_geh_valley, kiku_gazebo_pond_becter
Depths:4: cheibrodos_cascadia, layout_gridville, enter_ziggurat_f, abyss_entry,
          lightli_too_deep, minmay_misc_feat_rugged, minmay_starry_boxes
Depths:5: evilmike_zot_entry_argh, layout_gridlike, nicolae_trove_entry_columns,
          abyss_entry, pan_entry, chequers_serial_rivers_micro_d, hell_entry,
          grunt_ministairs_5
Hell
Dis:1:    layout_subdivisions
Dis:2:    layout_subdivisions
Dis:3:    layout_jigsaw
Dis:4:    layout_subdivisions
Dis:5:    layout_regular_city
Dis:6:    hangedman_iron_city_apartments, layout_subdivisions,
          grunt_megastairs_4
Dis:7:    iron_city_of_dis [dis_mu, dis_wall_1], layout_chaotic_city
Geh:1:    layout_gehenna_pools_box
Geh:2:    layout_gehenna_pools_box
Geh:3:    layout_gehenna_lava_caves
Geh:4:    layout_gehenna_pools_triple
Geh:5:    layout_gehenna_pools_triple
Geh:6:    layout_gehenna_pools_basic
Geh:7:    evilmike_geh
Zot:1:    layout_cathedral_of_symmetry
Zot:2:    layout_concentric_octagons, grunt_megastairs_3
Zot:3:    kennysheep_six_static_rooms, layout_cathedral_of_symmetry
Arena

Skill      XL: |  1  2  3  4  5  6  7  8  9 10 11 12 13 14 15 16 17 18 19 20 21 22 23 24 25 26 27 |
---------------+----------------------------------------------------------------------------------+-----
Long Blades    | 2 3 4 5 6 7 8 9 10 11 12 13 14 15 16 17 18 19 20 21 24 | 24.5
Armour         | 4 5 6 8 9 10 11 12 13 14 15 16 17 18 19 20 21 22 23 26 | 26.9
Shields        | 4 5 6 8 9 10 11 12 13 14 15 16 17 18 19 20 21 22 26 | 26.9
Fighting       | 4 5 6 7 8 10 11 12 13 14 15 16 17 18 19 20 23 | 23.3
Invocations    | 1 2 4 5 6 7 8 9 10 11 12 13 14 15 16 17 20 | 20.2
Evocations     | 1 2 3 4 5 6 7 8 9 10 11 12 13 14 17 | 17.5
Dodging        | 10 | 10.1

Action                   |  1- 3 |  4- 6 |  7- 9 | 10-12 | 13-15 | 16-18 | 19-21 | 22-24 | 25-27 || total
-------------------------+-------+-------+-------+-------+-------+-------+-------+-------+-------++-------
Melee: Long sword        |    91 |   223 |   379 |    32 |       |       |       |       |       ||   725
       Scimitar          |       |       |       |   687 |   533 |   110 |       |       |       ||  1330
       Demon blade       |       |       |       |       |  1085 |  1546 |   708 |       |       ||  3339
       Double sword      |       |       |       |       |       |       |   859 |  1075 |  5098 ||  7032
Invok: Heroism           |       |       |    12 |    23 |    31 |    30 |    37 |    43 |    78 ||   254
       Finesse           |       |       |       |       |     6 |     6 |     8 |    17 |    44 ||    81
       Duel              |       |       |       |       |       |       |       |       |     2 ||     2
Evoke: Condenser vane    |       |       |       |       |     1 |       |     2 |     1 |     6 ||    10
       Wand              |       |       |       |       |     1 |       |       |       |       ||     1
       Lightning rod     |       |       |       |       |       |       |     1 |       |       ||     1
  Use: Scroll            |     1 |     2 |    10 |     8 |    11 |     7 |     5 |     3 |    20 ||    67
       Potion            |       |     1 |     4 |     3 |     4 |     3 |     2 |     1 |    15 ||    33
 Stab: Petrified         |       |       |       |       |       |    10 |       |       |       ||    10
       Petrifying        |       |       |       |       |       |     1 |       |       |       ||     1
       Invisible         |       |       |       |       |       |     2 |       |       |       ||     2
       Distracted        |       |       |       |       |       |       |       |     1 |       ||     1
Armor: Scale mail        |    49 |     8 |       |       |       |       |       |       |       ||    57
       Chain mail        |       |   109 |   195 |    14 |       |       |       |       |       ||   318
       Plate armour      |       |       |       |   252 |   732 |   342 |       |    24 |  1618 ||  2968
       Crystal plate arm |       |       |       |       |       |   427 |   861 |   453 |       ||  1741
Dodge: Dodged            |    28 |    58 |    97 |   159 |   363 |   249 |   343 |   162 |  1260 ||  2719
Block: Kite shield       |    36 |   189 |   342 |   579 |  1416 |   252 |       |       |       ||  2814
       Reflection        |       |     1 |     7 |    17 |    17 |    43 |    76 |    16 |   152 ||   329
       Tower shield      |       |       |       |       |       |  1476 |  2095 |  1091 |  5911 || 10573
       Rpst.: Long sword |     8 |    17 |    33 |       |       |       |       |       |       ||    58
       Scimitar          |       |       |       |    30 |    24 |     2 |       |       |       ||    56
       Demon blade       |       |       |       |       |    51 |    38 |    34 |       |       ||   123
       Double sword      |       |       |       |       |       |       |    19 |    20 |    47 ||    86

Table legend: (Time is in decaauts)
 A = Elapsed time spent in this place.
 B = Non-inter-level travel time spent in this place.
 C = Inter-level travel time spent in this place.
 D = Time resting spent in this place.
 E = Time spent auto-exploring this place.
 F = Levels seen in this place.
 G = Mean time per level.
                   A        B        C        D        E       F      G
               +--------+--------+--------+--------+--------+-----+--------+
         Total |  73008 |  66152 |   6856 |   3376 |  37332 |  73 | 1000.1 |
       Dungeon |  17386 |  14709 |   2677 |    566 |  10206 |  15 | 1159.1 |
        Temple |     29 |     29 |      0 |      0 |      0 |   1 |   29.0 |
          Lair |   7659 |   7116 |    543 |    651 |   4588 |   6 | 1276.5 |
         Swamp |   4922 |   4783 |    139 |    422 |   2877 |   4 | 1230.5 |
   Spider Nest |   4316 |   4158 |    158 |    222 |   2805 |   4 | 1079.0 |
  Orcish Mines |   1535 |   1220 |    315 |      0 |    717 |   2 |  767.5 |
   Elven Halls |   3316 |   3094 |    222 |      0 |   1866 |   3 | 1105.3 |
        Vaults |   9410 |   8501 |    909 |     57 |   5894 |   5 | 1882.0 |
         Crypt |   3259 |   2770 |    489 |     44 |   1318 |   3 | 1086.3 |
          Tomb |    868 |    808 |     60 |     77 |    164 |   1 |  868.0 |
        Depths |   8597 |   7878 |    719 |    661 |   4752 |   5 | 1719.4 |
          Hell |    895 |    830 |     65 |    183 |    207 |   1 |  895.0 |
           Dis |   3369 |   3205 |    164 |    136 |    124 |   7 |  481.3 |
       Gehenna |   2420 |   2361 |     59 |     36 |     28 |   7 |  345.7 |
           Zot |   3116 |   2784 |    332 |     76 |   1101 |   3 | 1038.7 |
        Bazaar |     58 |     58 |      0 |      0 |      3 |   1 |   58.0 |
         Sewer |    793 |    793 |      0 |      0 |    461 |   1 |  793.0 |
        Bailey |    314 |    314 |      0 |      0 |     45 |   1 |  314.0 |
      Gauntlet |    686 |    686 |      0 |    218 |    175 |   1 |  686.0 |
         Arena |     51 |     51 |      0 |     27 |      0 |   2 |   25.5 |
               +--------+--------+--------+--------+--------+-----+--------+

Top non-repeatable levels by time:
Vaults:1: 2720 daAuts
Vaults:2: 2092 daAuts
Depths:3: 1953 daAuts
Depths:2: 1876 daAuts
    D:11: 1876 daAuts
Depths:4: 1756 daAuts
Vaults:4: 1675 daAuts
Depths:1: 1672 daAuts
 Crypt:3: 1654 daAuts
 Swamp:4: 1649 daAuts
Vaults:3: 1621 daAuts
  Lair:3: 1550 daAuts
 Swamp:3: 1547 daAuts
     D:7: 1521 daAuts
  Lair:2: 1411 daAuts
